 Dungeon Crawl Stone Soup version bcrawl-1.32 (webtiles) character file.

Game seed: 7686478537942325265

289576 Morbidden the Thaumaturge (level 11, -21/92 HPs)
             Began as a Djinni Archaeologist on June 26, 2021.
             Was a High Priest of Vehumet.
             Hit by a large rock thrown by a cyclops (32 damage)
             ... on level 11 of the Dungeon.
             The game lasted 00:25:22 (14550 turns).

Morbidden the Thaumaturge (Djinni Archaeologist)   Turns: 14550, Time: 00:25:24

Health: -21/92     AC: 16    Str: 19    XL:     11   Next: 64%
Magic:  19/26      EV:  8    Int: 21    God:    Vehumet [*****.]
Gold:   2431       SH:  0    Dex:  9    Spells: 20/32 levels left

rFire    + . .     SeeInvis .   a - +2 short sword (venom)
rCold    . . .     Gourm    .   (no shield)
rNeg     . . .     Faith    .   I - +1 plate armour {rF+}
rPois    .         Spirit   .   d - +1 hat
rElec    .         Reflect  .   v - +0 cloak
rCorr    .         Harm     .   u - +0 pair of gloves
MR       +....     Rnd*Rage +   (boots unavailable)
Stlth    ..........             (no amulet)
HPRegen  0.25/turn              k - +4 ring of intelligence
MPRegen  0.20/turn              K - +2 ring of strength

@: flying
A: never pass out, berserk 2, blink, blurry vision 2, wild magic 3, MP-powered
wands, floating
a: Blink, Renounce Religion


You were on level 11 of the Dungeon.
You worshipped Vehumet.
Vehumet was extremely pleased with you.
You were hungry.

You visited 1 branch of the dungeon, and saw 11 of its levels.
You also visited: Sewer and Ossuary.

You collected 2431 gold pieces.

Inventory:

Hand Weapons
 a - a +2 short sword of venom (weapon)
 b - a +0 hunting sling
 h - a +0 falchion of electrocution
 w - a +0 blowgun
 W - a +4 quick blade
Missiles
 f - 2 curare-tipped needles
 o - 394 poisoned tomahawks (quivered)
 t - 155 poisoned needles
 x - 910 sling bullets
Armour
 d - a +1 hat (worn)
 s - a +0 ring mail of magic resistance
 u - a +0 pair of gloves (worn)
 v - a +0 cloak (worn)
 I - a +1 plate armour of fire resistance (worn)
 M - a +0 chain mail
 P - +0 acid dragon scales
Jewellery
 k - a +4 ring of intelligence (left hand)
 K - a +2 ring of strength (right hand)
 U - an uncursed ring of protection from cold {unknown}
Wands
 y - a wand of flame (38)
 G - a wand of disintegration (14)
 H - a wand of clouds (4)
 T - a wand of digging (4)
 X - a wand of iceblast (7)
 Y - a wand of polymorph (7)
Scrolls
 i - 2 scrolls of identify
 j - 6 scrolls of teleportation
 q - 3 scrolls of amnesia
 r - a scroll of fog
 A - 3 scrolls of enchant armour
 B - 10 scrolls of remove curse
 E - 3 scrolls of fear
 L - a scroll of vulnerability
 O - a scroll of blinking
 Q - 2 scrolls of magic mapping
 R - a scroll of enchant weapon
Potions
 c - 2 potions of mutation {unknown}
 g - a potion of haste
 l - 4 potions of lignification
 m - 8 potions of curing
 n - 4 potions of heal wounds {unknown}
 p - 4 potions of brilliance {unknown}
 z - 5 potions of flight {unknown}
 C - 4 potions of might {unknown}
 D - 2 potions of agility {unknown}
 F - a potion of ambrosia
 J - 2 potions of degeneration {unknown}
 S - 4 potions of berserk rage
 V - a potion of cancellation {unknown}
Miscellaneous
 N - a box of beasts
Comestibles
 e - 17 rations {!d}


   Skills:
 * Level 7.6 Fighting
 + Level 3.8 Short Blades
   Level 2.0 Maces & Flails
 + Level 0.9 Slings
 + Level 5.2 Armour
 * Level 7.9 Dodging
 + Level 3.3 Stealth
 * Level 11.2 Spellcasting
 * Level 9.0 Conjurations
 + Level 0.2 Fire Magic
 * Level 4.8 Air Magic
 * Level 6.0 Evocations


You had 20 spell levels left.
You knew the following spells:

 Your Spells              Type           Power        Failure   Level  Hunger
a - Magic Dart            Conj           ####         4%          1    None
b - Searing Ray           Conj           #######.     5%          2    None
c - Lightning Bolt        Conj/Air       ######....   69%         5    ###....
z - Sticky Flame          Conj/Fire      ######..     69%         4    None

Your spell library contained the following spells:

 Spells                   Type           Power        Failure   Level  Hunger
 Throw Icicle             Conj/Ice       ######..     69%         4    None
 Animate Skeleton         Necr           N/A          96%         1    None
 Pain                     Necr           ###...       96%         1    None
 Vampiric Draining        Necr           ###.......   100%        3    None
 Agony                    Necr           ###.....     100%        4    None
 Animate Dead             Necr           N/A          100%        4    None
 Dispel Undead            Necr           ###.....     100%        5    ###....


Dungeon Overview and Level Annotations

Branches:
Dungeon (11/12)            Temple (0/1) D:5            Lair (0/6) D:9
    Orc (0/1) D:9
 Vaults: D:11-12

Altars:
Ashenzari
Cheibriados
Dithmenos
Fedhas
Gozag
Okawaru
Qazlal
Trog
Vehumet
Yredelemnul
Zin
The Shining One

Shops:
D:11 (

Portals:
Trove: D:8 (give 5 scrolls of blinking)

Annotations:
D:6 exclusion: oklob plant


Innate Abilities, Weirdness & Mutations

You never pass out after going berserk.
You often lose your temper in combat.
You can translocate small distances at will.
Scrolls take you longer to read.
Your spells are much harder to cast, but much more powerful.
You expend magic power (3 MP) to strengthen your wands.
Your body floats in the air.


Message History

The tengu warrior claws you but does no damage.
You hit the tengu warrior.
The tengu warrior looks more poisoned.
The tengu warrior is moderately wounded.
A cyclops comes into view.
The cyclops shouts!
You hit the tengu warrior.
The tengu warrior looks more poisoned.
The tengu warrior is heavily wounded.
The tengu warrior hits you with a +0 halberd.
* * * LOW HITPOINT WARNING * * *
The tengu warrior pecks you.
* * * LOW HITPOINT WARNING * * *
The tengu warrior claws you but does no damage.
You miss the tengu warrior.
The tengu warrior is severely wounded.
The tengu warrior hits you with a +0 halberd!
* * * LOW HITPOINT WARNING * * *
The tengu warrior barely misses you. The tengu warrior claws you.
* * * LOW HITPOINT WARNING * * *
The cyclops throws a large rock.
The large rock hits you!!
You die...

#........C
#.........
#.........
#.........
#.........
#.........
#.Q.......
######.@.......
#..............
#..............
###..............
#................
#................
#.........########
########..#.......
#..#.......


You could see a tengu warrior and a cyclops.

Vanquished Creatures
  A two-headed ogre (D:9)
  An ogre mage (D:7)
  2 unseen horrors (D:11)
  2 ugly things
  A komodo dragon (D:9)
  A tengu conjurer (D:11)
  2 trolls
  Grinder (D:5)
  Prince Ribbit (D:8)
  3 hippogriffs
  6 yaks
  2 hungry ghosts (D:10)
  A basilisk (D:9)
  Grum (D:8)
  3 wargs (D:9)
  2 acid dragons (D:10)
  A crocodile (D:9)
  2 ice beasts
  3 sky beasts
  An eye of draining (D:9)
  10 orc warriors
  A black bear (D:6)
  2 phantoms
  7 ogres
  3 wolves (D:8)
  4 centaurs
  2 bullfrogs
  2 big kobolds
  4 scorpions
  4 howler monkeys
  6 jellies
  5 crimson imps
  A quasit (D:10)
  A bullfrog zombie (D:7)
  10 orc priests
  A gnoll shaman (D:9)
  A hound (D:7)
  An iguana (D:9)
  10 orc wizards
  3 centaur skeletons
  6 worker ants
  5 big kobold zombies (Ossuary)
  A mummy (Ossuary)
  A howler monkey zombie (D:6)
  A worker ant zombie (D:10)
  A howler monkey skeleton (D:4)
  5 adders
  7 gnolls
  7 river rats
  2 shadow imps
  6 oozes
  An adder zombie (D:7)
  3 worms
  6 dart slugs
  7 leopard geckos
  59 orcs
  4 spectral bats (Ossuary)
  A giant cockroach (D:4)
  7 gnoll zombies (Ossuary)
  8 goblins
  10 hobgoblins
  3 jackals (D:7)
  26 kobolds
  A quokka (D:2)
  3 ball pythons (Sewer)
  4 bats
  5 bat simulacra (Ossuary)
  3 frilled lizards
  3 goblin simulacra (Ossuary)
  5 goblin zombies (Ossuary)
  4 hobgoblin zombies (Ossuary)
  A jackal zombie (D:7)
  5 kobold simulacra (Ossuary)
  2 kobold zombies (Ossuary)
  6 orc zombies (Ossuary)
  25 rats
  2 rat simulacra (Ossuary)
  3 spectral goblins (Ossuary)
  3 spectral kobolds (Ossuary)
  2 spectral rats (Ossuary)
369 creatures vanquished.

Vanquished Creatures (others)
  A hobgoblin zombie (Ossuary)
  A plant (D:8)
  14 toadstools (D:6)
16 creatures vanquished.

Grand Total: 385 creatures vanquished

Notes
Turn   | Place    | Note
-------+----------+-------------------------------------------
     0 | D:1      | Morbidden the Djinni Archaeologist began the quest for the
                  | Orb.
     0 | D:1      | Reached XP level 1. HP: 16/16 MP: 1/1
   376 | D:1      | Reached XP level 2. HP: 7/23 MP: 2/2
   631 | D:1      | Reached skill level 1 in Spellcasting
  1346 | D:2      | Reached XP level 3. HP: 19/29 MP: 4/4
  2366 | D:3      | Gained mutation: Your spells are harder to cast, but more
                  | powerful. [Djinni growth]
  2366 | D:3      | Gained mutation: You can translocate small distances at
                  | will. [Djinni growth]
  2366 | D:3      | Reached XP level 4. HP: 37/37 MP: 4/6
  2765 | D:3      | Found a snail-covered altar of Cheibriados.
  2905 | D:3      | Reached skill level 2 in Spellcasting
  2905 | D:3      | Reached XP level 5. HP: 44/44 MP: 6/8
  2905 | D:3      | Identified a scroll of acquirement
  2908 | D:3      | Identified the +6 bardiche of the Postmodern Wishes {drain,
                  | +Fly Int-3 SInv} (You acquired it on level 3 of the
                  | Dungeon)
  2908 | D:3      | Identified the +1 crystal plate armour of Gifiav {-Cast
                  | MR++ Dex+8} (You acquired it on level 3 of the Dungeon)
  2908 | D:3      | Identified the ring of Reimbursement {rPois MP+9 Int+3
                  | Dex+3 Slay-6} (You acquired it on level 3 of the Dungeon)
  2976 | D:3      | Found an iron altar of Okawaru.
  3016 | D:3      | Found a basalt altar of Yredelemnul.
  3025 | D:3      | Found a glowing golden altar of the Shining One.
  3034 | D:3      | Found a shattered altar of Ashenzari.
  3043 | D:3      | Found a radiant altar of Vehumet.
  3047 | D:3      | Became a worshipper of Vehumet
  3542 | D:4      | Found a glowing drain.
  3559 | Sewer    | Entered a sewer
  3667 | Sewer    | Reached * piety under Vehumet
  3667 | Sewer    | Offered knowledge of Magic Dart by Vehumet.
  3668 | Sewer    | Reached skill level 1 in Short Blades
  3670 | Sewer    | Learned a level 1 spell: Magic Dart
  3733 | Sewer    | Reached XP level 6. HP: 26/51 MP: 10/10
  3820 | Sewer    | Reached skill level 1 in Conjurations
  3890 | Sewer    | Reached skill level 3 in Spellcasting
  3928 | Sewer    | Reached ** piety under Vehumet
  3928 | Sewer    | Offered knowledge of Searing Ray by Vehumet.
  3933 | Sewer    | Reached skill level 1 in Armour
  3937 | Sewer    | Learned a level 2 spell: Searing Ray
  4000 | D:4      | Found a sand-covered staircase.
  4005 | Ossuary  | Entered an ossuary
  4241 | Ossuary  | Offered knowledge of Stone Arrow by Vehumet.
  4470 | Ossuary  | Reached XP level 7. HP: 59/59 MP: 11/11
  4561 | Ossuary  | Reached *** piety under Vehumet
  4746 | Ossuary  | Offered knowledge of Mephitic Cloud by Vehumet.
  5080 | D:4      | Reached skill level 5 in Dodging
  5516 | D:4      | Reached skill level 4 in Spellcasting
  5992 | D:5      | Entered Level 5 of the Dungeon
  6105 | D:5      | Gained mutation: Your spells are much harder to cast, but
                  | much more powerful. [Djinni growth]
  6105 | D:5      | Reached XP level 8. HP: 59/67 MP: 3/14
  6105 | D:5      | Reached **** piety under Vehumet
  6400 | D:5      | Found a staircase to the Ecumenical Temple.
  6453 | D:5      | Noticed Grinder
  6471 | D:5      | Killed Grinder
  6472 | D:5      | Reached skill level 5 in Fighting
  6472 | D:5      | Reached skill level 5 in Spellcasting
  6611 | D:5      | Offered knowledge of Lightning Bolt by Vehumet.
  7012 | D:5      | Found a shadowy altar of Dithmenos.
  7420 | D:6      | Found a blossoming altar of Fedhas.
  7654 | D:6      | Reached skill level 6 in Spellcasting
  7694 | D:6      | Reached skill level 5 in Conjurations
  7834 | D:6      | Reached XP level 9. HP: 63/74 MP: 12/18
  7989 | D:6      | Reached skill level 7 in Spellcasting
  8062 | D:6      | Learned a level 5 spell: Lightning Bolt
  8253 | D:6      | Reached skill level 1 in Air Magic
  8349 | D:6      | Reached skill level 1 in Evocations
  8464 | D:6      | Found an opulent altar of Gozag.
  8617 | D:6      | Noticed an oklob plant
  8798 | D:7      | Reached skill level 8 in Spellcasting
  9203 | D:7      | Reached ***** piety under Vehumet
  9359 | D:7      | Noticed a brown ugly thing
  9359 | D:7      | Noticed an ogre mage
  9367 | D:7      | Killed an ogre mage
  9368 | D:7      | Reached skill level 9 in Spellcasting
  9368 | D:7      | Reached XP level 10. HP: 84/84 MP: 13/23
  9368 | D:7      | Killed a brown ugly thing
  9505 | D:8      | Offered knowledge of Sticky Flame by Vehumet.
  9780 | D:8      | Noticed Prince Ribbit
  9788 | D:8      | Killed Prince Ribbit
 10443 | D:8      | Reached skill level 10 in Spellcasting
 10610 | D:8      | Learned a level 4 spell: Sticky Flame
 10829 | D:8      | Found a portal to a secret trove of treasure.
 10892 | D:8      | Noticed Grum
 10920 | D:8      | Killed Grum
 11792 | D:9      | Found a stormy altar of Qazlal.
 11964 | D:9      | Found a staircase to the Orcish Mines.
 12081 | D:9      | Found a bloodstained altar of Trog.
 12185 | D:9      | Reached XP level 11. HP: 80/91 MP: 8/25
 12249 | D:9      | Found a staircase to the Lair.
 12403 | D:9      | Noticed a two-headed ogre
 12411 | D:9      | Killed a two-headed ogre
 12675 | D:10     | Entered Level 10 of the Dungeon
 12675 | D:10     | Found a glowing silver altar of Zin.
 12907 | D:10     | Paralysed by fainting for 9 turns
 12940 | D:10     | Reached skill level 5 in Evocations
 13318 | D:10     | Noticed a green ugly thing
 13325 | D:10     | Killed a green ugly thing
 13354 | D:10     | Reached skill level 11 in Spellcasting
 13486 | D:10     | Identified the +3 cloak of the Desolation of Salt {*Slow
                  | rElec rPois Dex-4} (You acquired it on level 10 of the
                  | Dungeon)
 13486 | D:10     | Identified the amulet "Qududghyi" {Reflect Int-3 Dex+7
                  | SH+5} (You acquired it on level 10 of the Dungeon)
 13486 | D:10     | Identified the Volume of the Ashen Glacier (You acquired it
                  | on level 10 of the Dungeon)
 13722 | D:10     | Offered knowledge of Throw Icicle by Vehumet.
 14132 | D:11     | Found Zoog Dutyo's Weapon Shoppe.
 14202 | D:11     | Reached skill level 5 in Armour
 14304 | D:11     | Killed an unseen horror
 14347 | D:11     | Killed an unseen horror
 14536 | D:11     | Noticed a tengu warrior
 14548 | D:11     | Noticed a cyclops
 14550 | D:11     | Hit by a large rock thrown by a cyclops

Skill      XL: |  1  2  3  4  5  6  7  8  9 10 11 |
---------------+----------------------------------+-----
Spellcasting   | 1 2 3 4 6 9 10 11 | 11.2
Fighting       | 2 3 4 5 6 7 |  7.6
Maces & Flails | 2 |  2.0
Dodging        | 4 5 6 7 |  7.9
Short Blades   | 1 2 3 |  3.8
Conjurations   | 1 3 5 6 8 9 |  9.0
Armour         | 1 2 3 4 5 |  5.2
Stealth        | 3 |  3.3
Air Magic      | 2 3 4 |  4.8
Evocations     | 2 4 6 |  6.0
Slings         | |  0.9
Fire Magic     | |  0.2

Action                   |  1- 3 |  4- 6 |  7- 9 | 10-12 || total
-------------------------+-------+-------+-------+-------++-------
Melee: Whip              |    48 |       |       |       ||    48
       Mace              |    76 |    36 |       |       ||   112
       Short sword       |       |   276 |    56 |   136 ||   468
 Fire: Blowgun           |     4 |       |       |       ||     4
       Hunting sling     |       |    11 |     3 |       ||    14
Throw: Tomahawk          |       |     1 |       |     4 ||     5
 Cast: Magic Dart        |       |     4 |   131 |   119 ||   254
       Searing Ray       |       |     7 |    53 |    71 ||   131
       Sticky Flame      |       |       |       |     4 ||     4
  Use: Potion            |     2 |     6 |       |     1 ||     9
       Scroll            |       |     2 |     1 |    12 ||    15
 Stab: Sleeping          |     1 |       |       |       ||     1
  Eat: Chunk             |     8 |    13 |    19 |    28 ||    68
       Ration            |       |     1 |     1 |     3 ||     5
Armor: Robe              |    34 |     4 |       |       ||    38
       Ring mail         |       |   144 |    57 |    25 ||   226
       Skin              |       |    74 |       |       ||    74
       Plate armour      |       |       |       |   170 ||   170
Dodge: Dodged            |    83 |   265 |   108 |   123 ||   579
